 Dungeon Crawl Stone Soup version 0.25-a0-294-gea9b1ad378 (webtiles) character file.

Game seed: 9309312851251182265, levelgen mode: deterministic

378 Roikka the Conjurer (level 6, -3/45 HPs)
             Began as a Draconian Conjurer on Dec 14, 2019.
             Slain by Pikel
             ... wielding a +1 whip of electrocution
              (9 damage)
             ... on level 4 of the Dungeon on Dec 16, 2019.
             The game lasted 00:12:34 (3751 turns).

Roikka the Conjurer (Draconian Conjurer)            Turns: 3751, Time: 00:12:35

Health: -3/45      AC:  6    Str: 10    XL:     6   Next: 45%
Magic:  5/11       EV: 13    Int: 18    God:
Gold:   238        SH:  0    Dex: 11    Spells: 2/12 levels left

rFire    . . .     SeeInvis .   d - +0 dagger
rCold    . . .     Gourm    .   (no shield)
rNeg     . . .     Faith    .   (armour unavailable)
rPois    .         Spirit   .   (helmet restricted)
rElec    .         Reflect  .   (no cloak)
rCorr    .         Harm     .   (no gloves)
MR       +....                  (no boots)
Stlth    ++........             (no amulet)
HPRegen  0.15/turn              k - ring of protection from magic
MPRegen  0.12/turn              (no ring)

@: no status effects
A: unfitting armour, cold-blooded, AC +6
a: no special abilities


You were on level 4 of the Dungeon.
You were not hungry.

You visited 1 branch of the dungeon, and saw 4 of its levels.

You collected 238 gold pieces.

Inventory:

Hand Weapons
 d - a +0 dagger (weapon)
Jewellery
 k - a ring of protection from magic (left hand)
Scrolls
 f - a scroll of random uselessness
 i - a scroll of remove curse {unknown}
 j - a scroll of blinking {unknown}
 l - a scroll of amnesia {unknown}
 o - 4 scrolls of teleportation {unknown}
 p - a scroll of enchant weapon {unknown}
Potions
 e - a potion of degeneration {unknown}
 g - 2 potions of curing {unknown}
 m - a potion of agility {unknown}
Comestibles
 b - 4 rations


   Skills:
 + Level 3.4 Dodging
 - Level 1.7 Stealth
 + Level 3.5 Spellcasting
 + Level 5.4 Conjurations
 + Level 2.3 Hexes


You had 2 spell levels left.
You knew the following spells:

 Your Spells              Type           Power        Failure   Level  Hunger
a - Magic Dart            Conj           ###.         1%          1    None
b - Searing Ray           Conj           ###...       2%          2    ##.....
c - Dazzling Flash        Conj/Hex       ###...       10%         3    ###....
d - Fulminant Prism       Conj/Hex       ###.......   30%         4    ####...

Your spell library contained the following spells:

 Spells                   Type           Power        Failure   Level  Hunger
 Iskenderun's Mystic Bla  Conj/Tloc      ##......     45%         4    ####...


Dungeon Overview and Level Annotations

Branches:
Dungeon (4/15)
 Temple: D:4-7

Altars:
Gozag
Zin

Annotations:
D:4 Pikel


Innate Abilities, Weirdness & Mutations

Your plain brown scales are hard. (AC +6)
You cannot fit into any form of body armour.
You are cold-blooded and may be slowed by cold attacks.


Message History

Pikel hits you with a +1 whip of electrocution.
You are electrocuted!!
The searing ray misses Pikel.
Pikel hits you with a +1 whip of electrocution.
You are electrocuted!
* * * LOW HITPOINT WARNING * * *
The searing ray hits Pikel.
Pikel is moderately wounded.
The slave shouts!
Pikel hits you with a +1 whip of electrocution.
* * * LOW HITPOINT WARNING * * *
You hear a shout! x2
The searing ray hits Pikel!
Pikel is heavily wounded.
The searing ray hits the slave!
The slave is moderately wounded.
You finish channeling your searing ray.
A slave comes into view.
Pikel hits you with a +1 whip of electrocution!
You die...

,,,,,,,,,,,p..,,**,*,,,,,,,,,,,,,
,,,,,,,,,,,.p.,,,****,,,,,,,,,,*,
,,,,,,,,,,,,..,,,###*,,,,,,,,,,,,
,,,,,**,,,,,..,,,..##*,,,,,,,,*,,
,,,,,,**,***#.**,...#*,,,,,,,,*,,
,,,,,,*,,,*##[*##p..##,**,,,,,*,,
*,*,,,,,,,,#..##.....#.#*,,,,,,,,
****,,,,,*##...#........***,,,,*,
*,,,**,#...pK@.......**,,,,**,
**,*#...?..#...#.....**,,,,***
***...#####..##*,...,,*****
*#.,,***#.##***,,.,,*
#,,,,**...,* *,,,,,* *****,....**
*,,,*** **..### **,** *..#** ***
*,,,,*


You could see Pikel and 2 slaves.

Vanquished Creatures
  Grinder (D:3)
  6 adders
  An ooze (D:3)
  7 worms
  4 dart slugs (D:1)
  2 leopard geckos
  An orc (D:3)
  9 bats
  A giant cockroach (D:3)
  9 goblins
  6 hobgoblins
  12 kobolds
  2 quokkas
  2 ball pythons (D:1)
  6 frilled lizards
  12 rats
81 creatures vanquished.

Vanquished Creatures (others)
  4 toadstools (D:1)
4 creatures vanquished.

Grand Total: 85 creatures vanquished

Notes
Turn   | Place    | Note
-------+----------+-------------------------------------------
     0 | D:1      | Roikka the Draconian Conjurer began the quest for the Orb.
     0 | D:1      | Reached XP level 1. HP: 14/14 MP: 3/3
   302 | D:1      | Reached XP level 2. HP: 20/20 MP: 3/5
   306 | D:1      | Learned a level 2 spell: Searing Ray
   831 | D:1      | Reached XP level 3. HP: 23/26 MP: 0/6
   931 | D:1      | Learned a level 3 spell: Dazzling Flash
  1690 | D:2      | Reached XP level 4. HP: 33/33 MP: 1/7
  2231 | D:2      | Found a glowing silver altar of Zin.
  2355 | D:3      | Noticed Grinder
  2602 | D:3      | Killed Grinder
  2602 | D:3      | Reached skill level 5 in Conjurations
  2602 | D:3      | Reached XP level 5. HP: 38/38 MP: 4/10
  2602 | D:3      | Reached XP level 6. HP: 45/45 MP: 4/11
  2609 | D:3      | Learned a level 4 spell: Fulminant Prism
  2684 | D:3      | Found a faded altar of an unknown god.
  2904 | D:3      | Upgraded the game from 0.25-a0-290-g4a1327ee3a to
                  | 0.25-a0-294-gea9b1ad378
  3508 | D:3      | Found an opulent altar of Gozag.
  3741 | D:4      | Noticed Pikel
  3742 | D:4      | Noticed a slave
  3751 | D:4      | Noticed a slave
  3751 | D:4      | Slain by Pikel

Levels and vault maps discovered:
D:1:      ldierk_walled_garden_2, layout_loops_corners
D:2:      layout_rooms, zin_treasury, first_ration
D:3:      layout_basic, nicolae_gozag_cash_rules_everything_around_me,
          chequers_ecumenical_altar_simple, uniq_grinder
D:4:      layout_cave_pools, kennysheep_mini, gup_sewer_entry_glass, uniq_pikel

Skill      XL: |  1  2  3  4 |
---------------+-------------+-----
Dodging        | 2 3 |  3.4
Spellcasting   | 3 |  3.5
Conjurations   | 5 |  5.4
Hexes          | 2 |  2.3
Stealth        | |  1.7

Action                   |  1- 3 |  4- 6 || total
-------------------------+-------+-------++-------
Melee: Dagger            |    16 |    13 ||    29
       Tailslap          |     5 |       ||     5
 Cast: Magic Dart        |    86 |   107 ||   193
       Searing Ray       |       |     6 ||     6
  Use: Scroll            |     1 |     4 ||     5
  Eat: Chunk             |     3 |     7 ||    10
Armor: Skin              |     8 |     7 ||    15
Dodge: Dodged            |    15 |     8 ||    23

Table legend:
 A = Non-vault XP
 B = Vault XP
 C = Vault XP percentage of total XP
 D = Non-vault monster count
 E = Vault monster count
 F = Vault count percentage of total count
                 A         B        C        D         E       F
            +---------+---------+-------+---------+---------+-------
      Total |     237 |     304 |  56.2 |      80 |       1 |   1.2
            +---------+---------+-------+---------+---------+-------
        D:1 |      58 |       0 |   0.0 |      29 |       0 |   0.0
        D:2 |      56 |       0 |   0.0 |      23 |       0 |   0.0
        D:3 |     122 |     304 |  71.4 |      27 |       1 |   3.6
        D:4 |       1 |       0 |   0.0 |       1 |       0 |   0.0
            +---------+---------+-------+---------+---------+-------
